 Dungeon Crawl Stone Soup version 0.28.0-53-g5a82cb258f (webtiles) character file.

Game seed: 3879050740722224025

751 ZappyNine the Skirmisher (level 7, -3/38 HPs)
             Began as a Vine Stalker Fighter on June 1, 2022.
             Was a Follower of Uskayaw.
             Slain by an orc warrior
             ... wielding a +0 dire flail
              (7 damage)
             ... on level 4 of the Dungeon.
             The game lasted 00:05:09 (4634 turns).

ZappyNine the Skirmisher (Vine Stalker Fighter)     Turns: 4634, Time: 00:05:10

Health: -3/38      AC:  9    Str: 20    XL:     7   Next: 78%
Magic:  0/10       EV:  7    Int:  8    God:    Uskayaw [*.....]
Gold:   188        SH:  5    Dex: 14    Spells: 6/6 levels left

rFire   . . .      SeeInvis .   f - +4 dagger
rCold   . . .      Faith    .   c - +0 buckler
rNeg    . . .      Spirit   +   w - +0 chain mail
rPois   .          Reflect  .   (no helmet)
rElec   .          Harm     .   (no cloak)
rCorr   .          Rampage  .   (no gloves)
Will    .....                   (no boots)
Stlth   ..........              (no amulet)
HPRegen 0.92/turn               (no ring)
MPRegen 0.12/turn               (no ring)

@: no status effects
A: fangs 2, regeneration 1, magic shield, antimagic bite, no potion heal 2
a: Renounce Religion, Stomp


You were on level 4 of the Dungeon.
You worshipped Uskayaw.
Uskayaw was noncommittal.
You visited 2 branches of the dungeon, and saw 6 of its levels.
You also visited: Sewer.

You collected 188 gold pieces.

Inventory:

Hand Weapons
 a - a +0 rapier
 f - a +4 dagger (weapon)
Missiles
 n - 6 atropa-tipped darts (quivered)
Armour
 b - a +0 scale mail
 c - a +0 buckler (worn)
 w - a +0 chain mail (worn)
Wands
 k - a wand of polymorph (10)
Scrolls
 g - a scroll of teleportation {unknown}
 i - 3 scrolls of identify {unknown}
 l - a scroll of fear {unknown}
 m - 2 scrolls of amnesia {unknown}
 o - 2 scrolls of noise {unknown}
 p - a scroll of enchant weapon {unknown}
 r - a scroll of blinking {unknown}
 v - 2 scrolls of immolation {unknown}
 y - a scroll of torment {unknown}
Potions
 d - 3 potions of haste {unknown}
 e - 2 potions of flight {unknown}
 h - 2 potions of curing {unknown}
 j - a potion of cancellation {unknown}
 q - a potion of berserk rage {unknown}
 s - 4 potions of heal wounds {unknown}
 t - a potion of might
 u - a potion of resistance {unknown}
 x - 2 potions of magic {unknown}
 z - a potion of ambrosia {unknown}


   Skills:
 - Level 4.3 Fighting
 - Level 3.6 Short Blades
 - Level 3.9 Armour
 - Level 4.3 Shields
 + Level 3.4 Invocations


You had 6 spell levels left.
You didn't know any spells.
Your spell library contained the following spells:

 Spells                   Type           Power      Damage    Failure   Level
 Sting                    Tmut/Pois      0%         1d3       99%         1
 Poisonous Vapours        Pois/Air       0%         N/A       100%        2
 Olgreb's Toxic Radiance  Pois           0%         N/A       100%        4
 Alistair's Intoxication  Tmut/Pois      0%         N/A       100%        5
 Borgnjor's Vile Clutch   Necr/Erth      0%         N/A       100%        5
 Eringya's Noxious Bog    Tmut/Pois      0%         N/A       100%        6


Dungeon Overview and Level Annotations

Branches:
Dungeon (5/15)             Temple (1/1) D:4           Sewer (visited)

Altars:
Cheibriados
Dithmenos
Elyvilon
Fedhas
Gozag
Kikubaaqudgha
Makhleb
Nemelex Xobeh
Okawaru
Qazlal
Ru
Trog
Uskayaw
Vehumet
Wu Jian
Xom
Zin
The Shining One


Innate Abilities, Weirdness & Mutations

You have extremely sharp teeth.
Your natural rate of healing is unusually fast.
When hurt, damage is shared between your health and your magic reserves.
Your bite disrupts and absorbs the magic of your enemies.
Potions cannot restore your health.


Message History

The orc warrior is moderately wounded.
The orc warrior hits you with a +0 dire flail!
You are too injured to fight recklessly!
You are too injured to fight recklessly!
You are too injured to fight recklessly!
You are too injured to fight recklessly!
You are too injured to fight recklessly!
You are too injured to fight recklessly!
You are too injured to fight recklessly!
You are too injured to fight recklessly!
You are too injured to fight recklessly!
You are too injured to fight recklessly!
You are too injured to fight recklessly!
You are too injured to fight recklessly!
You are too injured to fight recklessly!
You are too injured to fight recklessly!
You are too injured to fight recklessly!
You are too injured to fight recklessly!
You are too injured to fight recklessly!
You barely miss the orc warrior.
You bite the orc warrior, but do no damage.
The orc warrior is moderately wounded.
You closely miss the orc warrior.
The orc warrior is moderately wounded.
The orc warrior hits you with a +0 dire flail!
* * * LOW HITPOINT WARNING * * *
You hit the orc warrior but do no damage.
The orc warrior is moderately wounded.
The orc warrior barely misses you.
You barely miss the orc warrior. Your bite misses the orc warrior.
The orc warrior is moderately wounded.
The orc warrior hits you with a +0 dire flail!
* * * LOW HITPOINT WARNING * * *
You barely miss the orc warrior.
The orc warrior is moderately wounded.
The orc warrior hits you but does no damage.
You hit the orc warrior. Your bite misses the orc warrior.
The orc warrior is heavily wounded.
The orc warrior hits you with a +0 dire flail!
You die...

##'##### #......#
#..(...# #######
#......# #.....#
#....[.# #(###.#
#......# #.# #.#
#......# #.# #.#
##'###############.#
#.#
...............o@#.#
#.#
.....####.#.######.#
#.# ##.#..#
#.#.#<.....# #.#
#.##.###.#.#.########.#
#.##..##.#.#...#......#
#.###.##.#.#.#.#.######
#.# #..#.#.#.#.#.# #.#
##.#.#.#...#.# #.#
#.#.#.#####.#


You could see an orc warrior.

Vanquished Creatures
  An orc warrior (D:3)
  An ogre (D:5)
  A kobold brigand (Sewer)
  2 centaur zombies (D:5)
  2 jellies (D:5)
  An orc priest (D:5)
  A centaur skeleton (D:5)
  Jessica (D:2)
  An iguana (D:5)
  3 adders
  10 river rats
  An ufetubus (D:5)
  An adder skeleton (D:4)
  2 worms
  A dart slug (D:1)
  12 orcs
  11 ball pythons
  7 bats
  6 endoplasms
  7 giant cockroaches
  9 goblins
  6 hobgoblins
  4 jackals (D:1)
  3 quokkas
  6 frilled lizards
  23 kobolds
  24 rats
147 creatures vanquished.

Notes
Turn   | Place    | Note
-------+----------+-------------------------------------------
     0 | D:1      | ZappyNine the Vine Stalker Fighter began the quest for the
                  | Orb.
     0 | D:1      | Reached XP level 1. HP: 11/11 MP: 2/2
   212 | D:1      | Reached XP level 2. HP: 12/16 MP: 1/3
   624 | D:1      | Reached XP level 3. HP: 17/20 MP: 4/4
   697 | D:1      | You fall into a shaft and drop 1 floor!
  1279 | D:2      | Noticed Jessica
  1734 | D:2      | Killed Jessica
  1735 | D:2      | Gained mutation: Your natural rate of healing is unusually
                  | fast. [Vine Stalker growth]
  1735 | D:2      | Reached XP level 4. HP: 22/24 MP: 3/5
  2081 | D:3      | Reached XP level 5. HP: 28/28 MP: 6/6
  2223 | D:3      | Found a faded altar of an unknown god.
  2223 | D:3      | Noticed an orc warrior
  2248 | D:3      | Killed an orc warrior
  2272 | D:3      | Found a shimmering altar of Xom.
  2441 | D:1      | Found a faded altar of an unknown god.
  2461 | D:1      | Reached XP level 6. HP: 33/33 MP: 7/7
  2723 | D:4      | Found a glowing drain.
  2784 | Sewer    | Entered a sewer
  3143 | Sewer    | Reached XP level 7. HP: 37/37 MP: 8/8
  3471 | D:4      | Found a staircase to the Ecumenical Temple.
  3483 | Temple   | Entered the Ecumenical Temple
  3695 | Temple   | Became a worshipper of Uskayaw the Reveller
  3861 | D:4      | Reached * piety under Uskayaw
  4118 | D:5      | Entered Level 5 of the Dungeon
  4118 | D:5      | Found a burning altar of Makhleb.
  4158 | D:5      | Reached ** piety under Uskayaw
  4234 | D:5      | Found a radiant altar of Vehumet.
  4323 | D:5      | Reached *** piety under Uskayaw
  4388 | D:5      | Reached **** piety under Uskayaw
  4634 | D:4      | Slain by an orc warrior

Illustrated notes

Levels and vault maps discovered:
D:1:      lightli_arrival_quake, layout_loops_cross,
          shapermc_ecumenical_altar_acropolis
D:2:      layout_loops_ring, uniq_jessica
D:3:      layout_basic, nicolae_overflow_ecumenical_swirl
D:4:      layout_basic, minmay_temple_entry_grid, portal_sewer_entry_a
D:5:      layout_basic, bloody_makhleb, mainiacjoe_overflow_six_doors_small,
          hangedman_decor_push
Temple:   regret_index_temple_generic_petals

Skill      XL: |  1  2  3  4  5  6  7 |
---------------+----------------------+-----
Short Blades   | 2 3 |  3.6
Shields        | 3 4 |  4.3
Fighting       | 3 4 |  4.3
Armour         | 3 |  3.9
Invocations    | 3 |  3.4

Action                   |  1- 3 |  4- 6 |  7- 9 || total
-------------------------+-------+-------+-------++-------
Melee: Rapier            |    13 |       |       ||    13
       Bite              |    24 |    47 |    30 ||   101
       Dagger            |    68 |   206 |    96 ||   370
       Unarmed           |     3 |       |       ||     3
  Use: Potion            |       |     1 |       ||     1
 Stab: Paralysed         |       |       |     2 ||     2
Armor: Scale mail        |    27 |    99 |       ||   126
       Chain mail        |       |       |    33 ||    33
Dodge: Dodged            |    23 |   103 |    28 ||   154
Block: Buckler           |    11 |    59 |    20 ||    90
